 Dungeon Sprint DCSS version 0.30.1-11-g7821555f0a (webtiles) character file.

Game seed: 15258004297693493946

5 Groucho the Ducker (level 1, -3/16 HPs)
             Began as a Spriggan Fighter on Jan 4, 2024.
             Slain by an ice beast (14 damage)
             ... in the Dungeon (Sprint IX: "|||||||||||||||||||||||||||||").
             The game lasted 00:00:21 (151 turns).

Groucho the Ducker (Spriggan Fighter)                Turns: 151, Time: 00:00:21

Health: -3/16      AC:  2    Str: 12    XL:     1   Next: 66%
Magic:  2/2        EV: 17    Int:  9    God:
Gold:   0          SH:  4    Dex: 14    Spells: 0/0 levels left

rFire   . . .        a - +0 rapier
rCold   . . .        c - +0 buckler
rNeg    . . .        b - +0 robe
rPois   .            (helmet restricted)
rElec   .            (no cloak)
rCorr   .            (gloves unavailable)
SInv    +            (boots unavailable)
Will    .....        (no amulet) Stlth
                     (no ring)
HPRegen 0.22/turn    (no ring)
MPRegen 0.08/turn

%: no teleportation
@: berserking, very quick
A: very small, no large weapons, unfitting armour, see invisible, speed 3
a: no special abilities


You were in the Dungeon.
You visited 1 branch

Inventory:

Hand Weapons
 a - a +0 rapier (weapon)
Armour
 b - a +0 robe (worn)
 c - a +0 buckler (worn)
Scrolls
 j - a scroll of blinking
Potions
 d - a potion of might
 e - a potion of curing
 f - a potion of heal wounds
 g - a potion of haste
 h - 2 potions of magic


   Skills:
 + Level 2.5 Fighting
 * Level 2.7 Short Blades
 + Level 4.2 Dodging
 * Level 2.1 Stealth
 * Level 2.5 Shields
 * Level 1.1 Invocations


You couldn't memorise any spells.
You didn't know any spells.
Your spell library was empty.

Dungeon Overview and Level Annotations

Branches:
Dungeon (1/1)

Altars:


Innate Abilities, Weirdness & Mutations

You are very small and have problems with some larger weapons.
You are too small for most types of armour.
You have supernaturally acute eyesight. (SInv)
You cover ground extremely quickly. (Speed+++)


Message History

You hit the giant cockroach but do no damage.
The giant cockroach is heavily wounded.
The giant cockroach misses you.
The giant cockroach completely misses you.
You hit the giant cockroach.
The giant cockroach is almost dead.
The giant cockroach misses you.
You barely miss the giant cockroach.
The giant cockroach is almost dead.
The giant cockroach misses you.
You hit the giant cockroach.
You kill the giant cockroach!
Your Invocations skill increases to level 1!
You closely miss the kobold.
The kobold hits you with a +0 short sword.
You closely miss the kobold. The kobold misses you.
You hit the kobold.
You kill the kobold!
Your Stealth skill increases to level 2!
No target in view!
No target in view!
No target in view!
No target in view!
No target in view!
Items here: ( ) ††.
You start resting.
HP restored.
You start waiting.
Done waiting.
You open the door. 2 hounds, an ufetubus, an adder and an ice beast come into view.
The jackal barks!
The ufetubus shouts!
The adder hisses angrily.
The hound barks!
The ice beast misses you.
There is an open door here.
A red film seems to cover your vision as you go berserk!
You feel yourself moving faster!
You feel mighty! The ice beast hits you. The ice beast freezes you!
Ouch! That really hurt!
You die... ▓▓▓▓▓▓▓▓▓▓▓▓▓▓▓▓▓▓ +h5ShY@....)†...<▓ ▓▓▓▓▓▓▓▓▓▓▓▓▓▓▓▓▓▓

You could see an ice beast, a hound, an adder, an ufetubus and a jackal.

Vanquished Creatures
  2 giant cockroaches (D)
  A kobold (D)
  A bat (D)
  A frilled lizard (D)
5 creatures vanquished.

Notes
Turn   | Place    | Note
-------+----------+-------------------------------------------
     0 | D        | Groucho the Spriggan Fighter began the quest for the Orb.
     0 | D        | Reached XP level 1. HP: 11/11 MP: 2/2
    13 | D        | Reached skill level 1 in Stealth
    27 | D        | Reached skill level 1 in Invocations
   149 | D        | Noticed a hound
   149 | D        | Noticed an ice beast
   151 | D        | Slain by an ice beast

Illustrated notes

Levels and vault maps discovered:
D:        linesprint [early_d, line_temple, items_1, d_10, items_2, lair_1,
          lair_end, items_3, orc_1, orc_end, items_4, d_15, swamp_1, shoals_1,
          snake_1, spider_1, d_20, vaults_1, items_5, swamp_end, shoals_end,
          snake_end, spider_end, vaults_end, d_27, items_6, zot_1, zot_end,
          crypt_end, forest_end, elf_end, slime_end, tomb_end, abyss_end,
          pan_hell_end]

Skill      XL: |  1 |
---------------+----+-----
Stealth        | 2 |  2.1
Invocations    | 1 |  1.1
Fighting       | |  2.5
Short Blades   | |  2.7
Dodging        | |  4.2
Shields        | |  2.5

Action                     || total
---------------------------++-------
  Melee: Rapier            ||    25
    Use: Potion            ||     1
 Armour: Robe              ||     5
  Dodge: Dodged            ||    21
  Block: Buckler           ||     2
